[Event "70th RUS-ch Women Higher League 2020"]
[Site "Sochi"]
[Date "2020.10.15"]
[Round "7.11"]
[White "Bykova, Anastasia"]
[Black "Garmash, Aliona"]
[Result "0-1"]
[ECO "E63"]
[WhiteElo "2215"]
[BlackElo "2093"]
[Annotator "NA"]
[PlyCount "80"]
[EventDate "2020.10.08"]
[EventType "swiss"]
[EventCountry "RUS"]
[SourceTitle "playchess.com"]
[Source "ChessBase"]
[SourceQuality "1"]
[TimeControl "40/5400+30:1800+30"]

1. d4 Nf6 2. c4 g6 3. Nf3 Bg7 4. g3 O-O 5. Bg2 d6 6. O-O Nc6 7. Nc3 a6 8. Bf4 Rb8 9. Rc1 h6 10. Qd3 Bg4 11. d5 e5 12. dxc6 exf4 13. Nd4 fxg3 14. hxg3 Bc8 $11 15. b4 Ng4 16. cxb7 Bxb7 17. Bxb7 Rxb7 18. Qe4 Bxd4 19. Qxb7 Nxf2 20. Kg2 Ng4 21. Nd1 Qg5 22. Rc2 Qh5 23. Rh1 Qf5 24. Rd2 Be3 25. Rd3 Re8 26. Qf3 Qg5 27. Rf1 f5 28. Qc6 Re7 29. Qxa6 Bb6 30. Qa8+ Kg7 31. Nc3 Ne3+ 32. Rxe3 Rxe3 33. Rf3 Bd4 34. Qc6 Bxc3 35. Rxe3 Qxe3 36. Qxc7+ Kg8 37. Qd8+ Kh7 38. Qc7+ Bg7 39. Qxd6 Qxe2+ 40. Kh3 g5 0-1

[Event "70th RUS-ch Women Higher League 2020"]
[Site "Sochi"]
[Date "2020.10.15"]
[Round "7.16"]
[White "Miroshnik, Ekaterina"]
[Black "Makarova, Olga"]
[Result "1-0"]
[ECO "D02"]
[WhiteElo "2104"]
[BlackElo "1875"]
[Annotator "NA"]
[PlyCount "103"]
[EventDate "2020.10.08"]
[EventType "swiss"]
[EventCountry "RUS"]
[SourceTitle "playchess.com"]
[Source "ChessBase"]
[SourceQuality "1"]
[TimeControl "40/5400+30:1800+30"]

1. d4 d5 2. Nf3 Nf6 3. c4 e6 4. e3 Be7 5. Bd3 dxc4 6. Bxc4 {[%emt 0:00:00] D30: Queen's Gambit Declined: Systems without Nc3.} a6 7. O-O b5 8. Be2 {[%emt 0:00:05] The position is equal.} Bb7 9. b3 O-O 10. Bb2 Nbd7 11. Nbd2 c5 12. a4 b4 13. Rc1 Rc8 14. Nc4 cxd4 {[%emt 0:08:58] [#]} 15. exd4 $146 ({Predecessor:} 15. Bxd4 Nd5 16. Qd2 Rc7 17. Nfe5 Bf6 18. f4 Nc3 19. Bxc3 bxc3 20. Qxc3 Bd5 21. Qd2 Nc5 22. Rb1 h6 23. Qb4 Bxe5 24. Nxe5 Qa8 25. Qa5 Rfc8 26. Rfc1 {½-½ (26) Matei,C (2483)-Lins,T (2469) ICCF email 2014}) 15... Ne4 16. Bd3 Ndf6 17. Qe2 Nd6 18. Nce5 Qa5 {[%emt 0:09:04] Av CentiPawn Loss W=-6/B=-9. Weighted=-6/-9} 19. Nd2 Nd5 20. Rxc8 Nxc8 21. Qf3 Nd6 22. Nd7 Nf6 23. Qh3 Rc8 24. Nc5 Rc7 25. Re1 Bc8 26. Qg3 Qb6 27. Nf3 Nde8 28. Ne5 Bxc5 29. dxc5 Qxc5 30. Nc4 Qe7 31. f4 h6 32. Kh1 Nh5 33. Qg4 Nhf6 34. Qe2 Qd7 35. Nb6 Qc6 36. Nxc8 Rxc8 37. Bxa6 Rd8 38. Bb5 Qd6 39. Be5 Qd5 40. Bc4 Qc5 41. h3 Nd5 42. Qd2 Ra8 43. Rc1 Rc8 44. Ra1 Ra8 45. Rd1 Nef6 46. Bd4 Qa5 47. Qf2 Nc3 48. Re1 Nfe4 49. Qf3 Nd2 50. Qg3 g6 51. Bxe6 Nde4 52. Qxg6+ 1-0

[Event "70th RUS-ch Women Higher League 2020"]
[Site "Sochi"]
[Date "2020.10.15"]
[Round "7.17"]
[White "Salakhova, Adelya"]
[Black "Mukhina, Jana"]
[Result "1/2-1/2"]
[ECO "E62"]
[WhiteElo "1885"]
[BlackElo "2025"]
[Annotator "ChessBase"]
[PlyCount "116"]
[EventDate "2020.10.08"]
[EventType "swiss"]
[EventCountry "RUS"]
[SourceTitle "playchess.com"]
[Source "ChessBase"]
[SourceQuality "1"]
[TimeControl "40/5400+30:1800+30"]

1. d4 Nf6 2. c4 g6 3. g3 Bg7 4. Bg2 O-O 5. Nc3 d6 6. Nf3 Nc6 7. O-O e5 8. d5 Ne7 9. c5 dxc5 10. Nxe5 Nfxd5 11. Nxd5 Bxe5 12. Bg5 f6 13. Nxf6+ Bxf6 14. Qxd8 Rxd8 15. Bxf6 Kf7 16. Bxe7 Kxe7 17. Rfc1 Rd2 18. Rxc5 c6 19. Re5+ Kf6 20. f4 Bg4 21. Kf2 Rxb2 22. Rd1 Kf7 23. h3 Be6 24. g4 Re8 25. a3 Bc4 26. Rd7+ Kf8 27. Rxe8+ Kxe8 28. Rxh7 Rxe2+ 29. Kg3 Bf7 30. Rh8+ Ke7 31. Rb8 Rb2 32. Be4 a5 33. Kh4 Rb5 34. Ra8 c5 35. Ra7 c4 36. Bxb7 Kf8 37. Be4 Rc5 38. Bc2 Kg7 39. f5 gxf5 40. gxf5 Kf6 41. Ra6+ Ke5 42. Kg5 Kd4 43. Rb6 Re5 44. h4 Re2 45. Ba4 Bd5 46. f6 c3 47. Rd6 Rg2+ 48. Kh6 c2 49. Bxc2 Rxc2 50. Kg7 Rg2+ 51. Kh6 Rf2 52. Kg7 Rg2+ 53. Kh6 Ke5 54. Rxd5+ Kxd5 55. f7 Rf2 56. Kg7 Rg2+ 57. Kf6 Rf2+ 58. Ke7 Re2+ 1/2-1/2

[Event "70th RUS-ch Women Higher League 2020"]
[Site "Sochi"]
[Date "2020.10.15"]
[Round "7.18"]
[White "Berezina, Mariya"]
[Black "Mironenko, Galina"]
[Result "0-1"]
[ECO "A21"]
[WhiteElo "1982"]
[BlackElo "2061"]
[Annotator "NA"]
[PlyCount "123"]
[EventDate "2020.10.08"]
[EventType "swiss"]
[EventCountry "RUS"]
[SourceTitle "playchess.com"]
[Source "ChessBase"]
[SourceQuality "1"]
[TimeControl "40/5400+30:1800+30"]

1. c4 e5 2. Nc3 d6 3. Nf3 f5 4. g3 Nf6 5. d4 e4 6. Nh4 g6 7. Bg5 Bg7 8. e3 c6 9. Be2 O-O 10. Ng2 h6 11. Bxf6 Qxf6 12. b4 Na6 13. Qb3 $11 Be6 14. Rc1 Nc7 15. O-O g5 16. f3 exf3 17. Bxf3 Rac8 18. a4 d5 19. cxd5 cxd5 20. Ne2 Qe7 21. Ne1 Kh8 22. b5 Bf7 23. Bg2 Bh5 24. Bf3 Bg6 25. Rc5 b6 26. Rc6 Be8 27. Rc3 Bf7 28. Nc2 h5 29. Nb4 Qd7 30. Rfc1 Be6 31. Qc2 g4 32. Bg2 Bh6 33. Nf4 Bxf4 34. gxf4 Qd6 35. Rxc7 Qxb4 36. Qc6 Rxc7 37. Qxc7 Rf6 38. Qe5 Kg7 39. Rc7+ Kg6 40. Rc6 Qe1+ 41. Bf1 g3 42. Rc2 h4 43. hxg3 h3 44. Rh2 Qxg3+ 45. Kh1 Qe1 46. Kg1 Kf7 47. Qc7+ Ke8 48. Qb8+ Ke7 49. Qc7+ Bd7 50. Qe5+ Re6 51. Qg7+ Kd6 52. Rxh3 Rxe3 53. Qg2 Re6 54. Qf3 Rg6+ 55. Kh1 Qe4 56. Qxe4 dxe4 57. Bc4 Be6 58. Rc3 Bxc4 59. Rxc4 Kd5 60. Rc7 Kxd4 61. Rxa7 e3 62. Re7 0-1

[Event "70th RUS-ch Women Higher League 2020"]
[Site "Sochi"]
[Date "2020.10.16"]
[Round "8.1"]
[White "Schepetkova, Margarita"]
[Black "Gunina, Valentina"]
[Result "0-1"]
[ECO "D11"]
[WhiteElo "2257"]
[BlackElo "2431"]
[Annotator "ChessBase"]
[PlyCount "80"]
[EventDate "2020.10.08"]
[EventType "swiss"]
[EventCountry "RUS"]
[SourceTitle "playchess.com"]
[Source "ChessBase"]
[SourceQuality "1"]
[TimeControl "40/5400+30:1800+30"]

1. d4 d5 2. c4 c6 3. Nf3 Nf6 4. g3 h6 5. Qc2 g6 6. Bg2 Bf5 7. Qb3 Qb6 8. Nc3 Qxb3 9. axb3 e6 10. Bf4 Na6 11. Be5 Be7 12. Nd2 O-O 13. e4 dxe4 14. Ndxe4 Nxe4 15. Bxe4 Nb4 16. O-O Bh3 17. Rfd1 f6 18. Bc7 g5 19. d5 f5 20. Bf3 f4 21. gxf4 gxf4 22. d6 Bd8 23. Bxd8 Rfxd8 24. Ne4 b6 25. d7 Kf8 26. Rd6 Ke7 27. Rad1 Rg8+ 28. Kh1 Rad8 29. Nc3 h5 30. Ne2 e5 31. Rh6 Rxd7 32. Rh7+ Kd8 33. Rdxd7+ Bxd7 34. Rxh5 Nd3 35. h4 Nxf2+ 36. Kh2 e4 37. Bxe4 Nxe4 38. Nxf4 Nd2 39. Kh1 Nf3 40. Ne2 Bh3 0-1

[Event "70th RUS-ch Women Higher League 2020"]
[Site "Sochi"]
[Date "2020.10.16"]
[Round "8.2"]
[White "Getman, Tatyana"]
[Black "Goltseva, Ekaterina"]
[Result "1/2-1/2"]
[ECO "E12"]
[WhiteElo "2271"]
[BlackElo "2294"]
[Annotator "ChessBase"]
[PlyCount "77"]
[EventDate "2020.10.08"]
[EventType "swiss"]
[EventCountry "RUS"]
[SourceTitle "playchess.com"]
[Source "ChessBase"]
[SourceQuality "1"]
[TimeControl "40/5400+30:1800+30"]

1. d4 Nf6 2. c4 e6 3. Nf3 b6 4. a3 Ba6 5. Qc2 Bb7 6. Nc3 c5 7. e4 cxd4 8. Nxd4 Bc5 9. Nf3 Ng4 10. Bg5 f6 11. Bh4 Nc6 12. b4 Be7 13. Be2 O-O 14. O-O Nge5 15. Nxe5 fxe5 16. Bxe7 Qxe7 17. Qd3 Nd4 18. Nb5 Nxb5 19. cxb5 d5 20. Bf3 Rad8 21. Qe3 Qe8 22. Rac1 Rd7 23. Qg5 Qb8 24. Bg4 Rf6 25. exd5 Bxd5 26. f3 h6 27. Qh5 Rdf7 28. Rfe1 e4 29. fxe4 Qf4 30. Bf3 Bb7 31. Qh3 Qe5 32. a4 Qd4+ 33. Kh1 Qxb4 34. Qg3 Kh7 35. h3 Qd2 36. Red1 Qe3 37. Re1 Qd2 38. Red1 Qe3 39. Re1 1/2-1/2

[Event "70th RUS-ch Women Higher League 2020"]
[Site "Sochi"]
[Date "2020.10.16"]
[Round "8.3"]
[White "Garifullina, Leya"]
[Black "Kovanova, Baira"]
[Result "1/2-1/2"]
[ECO "C95"]
[WhiteElo "2335"]
[BlackElo "2324"]
[Annotator "ChessBase"]
[PlyCount "83"]
[EventDate "2020.10.08"]
[EventType "swiss"]
[EventCountry "RUS"]
[SourceTitle "playchess.com"]
[Source "ChessBase"]
[SourceQuality "1"]
[TimeControl "40/5400+30:1800+30"]

1. e4 e5 2. Nf3 Nc6 3. Bb5 a6 4. Ba4 Nf6 5. O-O Be7 6. Re1 b5 7. Bb3 d6 8. c3 O-O 9. h3 Nb8 10. d4 Nbd7 11. Nbd2 Bb7 12. Bc2 Re8 13. Nf1 Bf8 14. Ng3 g6 15. a4 Bg7 16. Bd3 c6 17. Bg5 Qe7 18. Qd2 Qf8 19. b4 Rab8 20. a5 h6 21. Be3 exd4 22. cxd4 c5 23. d5 cxb4 24. Qxb4 Nc5 25. Bc2 Rbc8 26. Rac1 Nfd7 27. Bb1 h5 28. Nd2 Ne5 29. Rc3 Qe7 30. Ra3 Ncd7 31. Ba2 Nc5 32. Bb1 Ncd7 33. Ba2 Nc5 34. Bb1 Na4 35. Rxa4 bxa4 36. f4 Qh4 37. fxe5 Qxg3 38. Nf3 Ba8 39. Bf2 Qf4 40. Be3 Qg3 41. Bf2 Qf4 42. Be3 1/2-1/2

[Event "70th RUS-ch Women Higher League 2020"]
[Site "Sochi"]
[Date "2020.10.16"]
[Round "8.4"]
[White "Kovalevskaya, Ekaterina"]
[Black "Shafigullina, Zarina"]
[Result "1/2-1/2"]
[ECO "B50"]
[WhiteElo "2384"]
[BlackElo "2296"]
[Annotator "ChessBase"]
[PlyCount "82"]
[EventDate "2020.10.08"]
[EventType "swiss"]
[EventCountry "RUS"]
[SourceTitle "playchess.com"]
[Source "ChessBase"]
[SourceQuality "1"]
[TimeControl "40/5400+30:1800+30"]

1. e4 c5 2. Nf3 d6 3. c3 Nf6 4. Bd3 Nc6 5. h3 e5 6. Bc2 d5 7. exd5 Qxd5 8. d3 Bf5 9. O-O O-O-O 10. Ng5 h6 11. Bb3 c4 12. Bxc4 Qxc4 13. dxc4 Rxd1 14. Rxd1 hxg5 15. Bxg5 Ne4 16. Be3 Bc5 17. Bxc5 Nxc5 18. Na3 Be6 19. b3 Ne7 20. Re1 Ng6 21. Nb5 a6 22. Nd6+ Kc7 23. Ne4 Nxe4 24. Rxe4 Rd8 25. Kf1 Bf5 26. Re3 Rd2 27. h4 f6 28. g3 Nf8 29. Ke1 Rc2 30. Re2 Rxc3 31. Re3 Rc2 32. Re2 Rxe2+ 33. Kxe2 Ne6 34. Kd2 Nd4 35. Kc3 Be4 36. b4 Bf3 37. a4 Kc6 38. a5 Ne2+ 39. Kd2 Nd4 40. Kc3 Be2 41. Rh1 Bf3 1/2-1/2

[Event "70th RUS-ch Women Higher League 2020"]
[Site "Sochi"]
[Date "2020.10.16"]
[Round "8.5"]
[White "Guseva, Marina"]
[Black "Paramzina, Anastasya"]
[Result "1-0"]
[ECO "D70"]
[WhiteElo "2377"]
[BlackElo "2237"]
[Annotator "ChessBase"]
[PlyCount "103"]
[EventDate "2020.10.08"]
[EventType "swiss"]
[EventCountry "RUS"]
[SourceTitle "playchess.com"]
[Source "ChessBase"]
[SourceQuality "1"]
[TimeControl "40/5400+30:1800+30"]

1. d4 Nf6 2. c4 g6 3. Nf3 Bg7 4. e3 d6 5. Be2 O-O 6. Nc3 Bf5 7. O-O Ne4 8. Nxe4 Bxe4 9. b3 e5 10. Bb2 a5 11. Qd2 Qe7 12. Rad1 Bf5 13. Bc3 e4 14. Ne1 Nc6 15. Kh1 h5 16. Nc2 Bg4 17. f3 Bf5 18. f4 Qf6 19. Na3 Nb4 20. Nb5 Qe7 21. a3 Nd3 22. d5 Bxc3 23. Nxc3 Nc5 24. Rb1 Bd7 25. Bd1 Rfe8 26. Bc2 h4 27. h3 f5 28. b4 axb4 29. axb4 Nd3 30. Bxd3 exd3 31. Rfe1 Ra3 32. Qc1 Rea8 33. Rd1 d2 34. Qxd2 Qg7 35. Rdc1 g5 36. fxg5 Qxg5 37. Rf1 Qg7 38. Rbc1 Rb3 39. Nd1 Raa3 40. b5 Rd3 41. Qe2 b6 42. Rc2 Qe5 43. Ra2 Be8 44. Rxa3 Rxa3 45. Rf4 Qa1 46. Rxf5 Bg6 47. Qg4 Kg7 48. Kh2 Qb1 49. Rg5 Ra1 50. e4 Kf6 51. Qf4+ Kg7 52. Qf5 1-0

[Event "70th RUS-ch Women Higher League 2020"]
[Site "Sochi"]
[Date "2020.10.16"]
[Round "8.6"]
[White "Bodnaruk, Anastasia"]
[Black "Voit, Daria"]
[Result "1/2-1/2"]
[ECO "C16"]
[WhiteElo "2428"]
[BlackElo "2343"]
[Annotator "ChessBase"]
[PlyCount "23"]
[EventDate "2020.10.08"]
[EventType "swiss"]
[EventCountry "RUS"]
[SourceTitle "playchess.com"]
[Source "ChessBase"]
[SourceQuality "1"]
[TimeControl "40/5400+30:1800+30"]

1. e4 e6 2. d4 d5 3. Nc3 Bb4 4. e5 Ne7 5. a3 Bxc3+ 6. bxc3 b6 7. Qg4 Ng6 8. h4 h5 9. Qf3 Ba6 10. Bxa6 Nxa6 11. Bg5 Qd7 12. Ne2 1/2-1/2

[Event "70th RUS-ch Women Higher League 2020"]
[Site "Sochi"]
[Date "2020.10.16"]
[Round "8.7"]
[White "Grigorieva, Yulia"]
[Black "Bivol, Alina"]
[Result "1-0"]
[ECO "C18"]
[WhiteElo "2237"]
[BlackElo "2393"]
[Annotator "ChessBase"]
[PlyCount "99"]
[EventDate "2020.10.08"]
[EventType "swiss"]
[EventCountry "RUS"]
[SourceTitle "playchess.com"]
[Source "ChessBase"]
[SourceQuality "1"]
[TimeControl "40/5400+30:1800+30"]

1. e4 e6 2. d4 d5 3. Nc3 Bb4 4. e5 c5 5. a3 Bxc3+ 6. bxc3 Ne7 7. Qg4 O-O 8. Bd3 f5 9. exf6 Rxf6 10. Qh5 h6 11. Nf3 c4 12. Be2 Nbc6 13. g4 Rf7 14. Be3 Bd7 15. Rg1 Qe8 16. g5 g6 17. gxh6 Kh8 18. Qg5 Qf8 19. Nh4 Rf6 20. Rg2 Kh7 21. Kd2 Be8 22. Rag1 b5 23. Qg4 e5 24. Nf3 exd4 25. cxd4 Nf5 26. h4 Qxa3 27. Bd1 Nce7 28. h5 Nxe3 29. fxe3 c3+ 30. Ke1 a5 31. Qg5 Raa6 32. Qe5 Qd6 33. hxg6+ Bxg6 34. Rxg6 Nxg6 35. Ng5+ Kxh6 36. Nf7+ Kh7 37. Qh5+ Kg7 38. Nxd6 Raxd6 39. Bg4 a4 40. Ke2 b4 41. Bf5 b3 42. cxb3 axb3 43. Bxg6 Rxg6 44. Qe5+ Kh7 45. Rh1+ Rh6 46. Rxh6+ Rxh6 47. Qc7+ Kg8 48. Qb8+ Kg7 49. Qxb3 c2 50. Kd2 1-0

[Event "70th RUS-ch Women Higher League 2020"]
[Site "Sochi"]
[Date "2020.10.16"]
[Round "8.8"]
[White "Charochkina, Daria"]
[Black "Belenkaya, Dina"]
[Result "0-1"]
[ECO "A01"]
[WhiteElo "2356"]
[BlackElo "2297"]
[Annotator "ChessBase"]
[PlyCount "94"]
[EventDate "2020.10.08"]
[EventType "swiss"]
[EventCountry "RUS"]
[SourceTitle "playchess.com"]
[Source "ChessBase"]
[SourceQuality "1"]
[TimeControl "40/5400+30:1800+30"]

1. b3 e5 2. Bb2 Nc6 3. e3 Nf6 4. Bb5 e4 5. f3 d5 6. Nc3 Qd6 7. Be2 a6 8. d3 exd3 9. Bxd3 Qe5 10. Kf2 Bc5 11. Qe2 Ba7 12. g4 Bd7 13. Kg2 O-O-O 14. Re1 h5 15. Nd1 d4 16. exd4 Qd6 17. Ne3 hxg4 18. Nf5 Qd5 19. Ne3 Qg5 20. f4 Qxf4 21. c3 Rde8 22. Qf2 Qg5 23. Bc1 Nxd4 24. cxd4 Bc6+ 25. Kf1 Bxh1 26. Nf5 Rxe1+ 27. Qxe1 Qh5 28. Bf4 Nd5 29. Bg3 g6 30. Ne7+ Nxe7 31. Qxe7 Bb6 32. Ne2 Qd5 33. Ke1 Qd7 34. Qf6 Re8 35. Be5 Bf3 36. a4 Qe6 37. Qxe6+ Rxe6 38. Nf4 Re7 39. Kd2 Rd7 40. Kc3 c5 41. dxc5 Bxc5 42. Bc4 Bg1 43. Nd3 Bd5 44. Bg3 Bxc4 45. Kxc4 f5 46. Nf4 g5 47. Nd5 b5+ 0-1

[Event "70th RUS-ch Women Higher League 2020"]
[Site "Sochi"]
[Date "2020.10.16"]
[Round "8.9"]
[White "Garmash, Aliona"]
[Black "Dordzhieva, Dinara"]
[Result "0-1"]
[ECO "A79"]
[WhiteElo "2093"]
[BlackElo "2354"]
[Annotator "ChessBase"]
[PlyCount "110"]
[EventDate "2020.10.08"]
[EventType "swiss"]
[EventCountry "RUS"]
[SourceTitle "playchess.com"]
[Source "ChessBase"]
[SourceQuality "1"]
[TimeControl "40/5400+30:1800+30"]

1. d4 Nf6 2. Nf3 e6 3. c4 c5 4. d5 exd5 5. cxd5 d6 6. Nc3 g6 7. e4 Bg7 8. Be2 O-O 9. O-O Re8 10. Nd2 Na6 11. f3 Nc7 12. a4 b6 13. Nc4 Ba6 14. Bg5 h6 15. Be3 Rb8 16. Qd2 Kh7 17. g4 Bxc4 18. Bxc4 a6 19. Qd3 Qd7 20. Kh1 b5 21. Ba2 c4 22. Qd2 Qe7 23. Rae1 Nd7 24. Ne2 Ne5 25. Bb1 b4 26. Nd4 Qd7 27. Qd1 b3 28. a5 Nb5 29. Qd2 Rbc8 30. Nxb5 Qxb5 31. Bd4 Nd3 32. Bxg7 Kxg7 33. Re3 Nxb2 34. Qxb2+ c3 35. Bd3 Qc5 36. Qxb3 Qxe3 37. Qc2 Qd2 38. Rf2 Qxc2 39. Rxc2 Rc5 40. Bxa6 Ra8 41. Bd3 Raxa5 42. Kg2 g5 43. Kf2 Ra4 44. Ke3 Rb4 45. Re2 Rb2 46. Bc2 Ra5 47. Kd4 Ra3 48. Kc4 Kf6 49. Kd4 Rb4+ 50. Ke3 Ra2 51. Kd3 Ke5 52. Kxc3 Rbb2 53. h3 f6 54. Rf2 Kf4 55. Rd2 Kg3 0-1

[Event "70th RUS-ch Women Higher League 2020"]
[Site "Sochi"]
[Date "2020.10.16"]
[Round "8.10"]
[White "Potapova, Margarita"]
[Black "Solozhenkina, Elizaveta"]
[Result "1/2-1/2"]
[ECO "A04"]
[WhiteElo "2270"]
[BlackElo "2301"]
[Annotator "ChessBase"]
[PlyCount "119"]
[EventDate "2020.10.08"]
[EventType "swiss"]
[EventCountry "RUS"]
[SourceTitle "playchess.com"]
[Source "ChessBase"]
[SourceQuality "1"]
[TimeControl "40/5400+30:1800+30"]

1. Nf3 c5 2. c4 Nc6 3. Nc3 e5 4. e3 Nf6 5. d4 cxd4 6. exd4 e4 7. Ne5 Bb4 8. Be2 Qa5 9. Nxc6 dxc6 10. Bd2 Qb6 11. Be3 Qc7 12. a3 Bxc3+ 13. bxc3 h6 14. h3 Be6 15. Qd2 O-O 16. O-O Rad8 17. a4 Qe7 18. Rfb1 Bc8 19. a5 a6 20. Bf4 Ne8 21. Re1 g5 22. Bh2 f5 23. Qc2 Nf6 24. Be5 Nd7 25. Bc7 Rde8 26. Qa2 Kh7 27. Bh2 Nf6 28. Be5 f4 29. c5 Rd8 30. Qc2 Bf5 31. Bf3 Rde8 32. Bd6 Qd7 33. Bxf8 exf3 34. Rxe8 Nxe8 35. Qb3 Be6 36. Qc2+ Bf5 37. Qb2 Qf7 38. Bd6 fxg2 39. Re1 Be6 40. Qc2+ Kg8 41. f3 Ng7 42. Qxg2 Nf5 43. Re5 Ne3 44. Qh2 Bf5 45. Rxe3 fxe3 46. Qe5 Bxh3 47. Qxe3 Be6 48. f4 g4 49. f5 Qxf5 50. Qxh6 Qb1+ 51. Kf2 Qc2+ 52. Kg3 Qxc3+ 53. Kh4 Qh3+ 54. Kg5 Qxh6+ 55. Kxh6 Kf7 56. Kg5 Bd7 57. Kf4 Ke6 58. Kg3 Kd5 59. Be5 Ke4 60. Bf6 1/2-1/2

[Event "70th RUS-ch Women Higher League 2020"]
[Site "Sochi"]
[Date "2020.10.16"]
[Round "8.11"]
[White "Gritsayeva, Oksana"]
[Black "Bykova, Anastasia"]
[Result "1/2-1/2"]
[ECO "B10"]
[WhiteElo "2373"]
[BlackElo "2215"]
[Annotator "ChessBase"]
[PlyCount "116"]
[EventDate "2020.10.08"]
[EventType "swiss"]
[EventCountry "RUS"]
[SourceTitle "playchess.com"]
[Source "ChessBase"]
[SourceQuality "1"]
[TimeControl "40/5400+30:1800+30"]

1. e4 c6 2. Nf3 d5 3. Nc3 dxe4 4. Nxe4 Nf6 5. Qe2 Nxe4 6. Qxe4 Qd5 7. Qh4 Qe6+ 8. Be2 Qg4 9. Qg3 Qxg3 10. hxg3 Bf5 11. b3 Nd7 12. Bb2 O-O-O 13. Ng5 Bg6 14. Bh5 Bxc2 15. Rc1 Bf5 16. Nxf7 Rg8 17. Nxd8 Kxd8 18. Bf7 Rh8 19. g4 Bxg4 20. Rc4 Bf5 21. Bh5 e6 22. Be2 Rg8 23. Bd4 a6 24. d3 Bd6 25. Rc2 Ke7 26. Kd2 Nf6 27. Bxf6+ gxf6 28. Bf3 Bg6 29. Rc4 e5 30. g3 Rd8 31. Ke2 a5 32. Rch4 Rd7 33. g4 Bb4 34. Rd1 Rd4 35. Be4 Bxe4 36. dxe4 Rxe4+ 37. Kf3 Rf4+ 38. Kg3 Ke6 39. Rxh7 Be7 40. Rc1 Rd4 41. Rc2 a4 42. bxa4 Rxa4 43. f3 Ra3 44. Kg2 Ra6 45. Rh1 b5 46. Kf2 c5 47. Ke2 c4 48. Rb1 Ra5 49. Rcb2 b4 50. Rc2 c3 51. Kd3 Rd5+ 52. Ke2 Ra5 53. Kd3 Kd5 54. Rb3 Ra7 55. a3 bxa3 56. Ra2 Ra4 57. Rxc3 Bc5 58. Rb3 Rd4+ 1/2-1/2

[Event "70th RUS-ch Women Higher League 2020"]
[Site "Sochi"]
[Date "2020.10.16"]
[Round "8.12"]
[White "Semenova, Elena"]
[Black "Miroshnik, Ekaterina"]
[Result "1-0"]
[ECO "B31"]
[WhiteElo "2284"]
[BlackElo "2104"]
[Annotator "ChessBase"]
[PlyCount "51"]
[EventDate "2020.10.08"]
[EventType "swiss"]
[EventCountry "RUS"]
[SourceTitle "playchess.com"]
[Source "ChessBase"]
[SourceQuality "1"]
[TimeControl "40/5400+30:1800+30"]

1. e4 c5 2. Nf3 Nc6 3. Bb5 g6 4. O-O Bg7 5. c3 Nf6 6. Re1 O-O 7. d4 cxd4 8. cxd4 d6 9. h3 Qa5 10. Nc3 a6 11. Bc4 e5 12. dxe5 Nxe5 13. Bb3 Nxf3+ 14. Qxf3 Be6 15. Bf4 Bxb3 16. axb3 Qb4 17. Bg5 Nd7 18. Nd5 Qd4 19. Be7 Rfc8 20. Bxd6 Rc2 21. e5 Nxe5 22. Bxe5 Bxe5 23. Rad1 Qxb2 24. Nb6 Re8 25. Nc4 Qc3 26. Nxe5 1-0

[Event "70th RUS-ch Women Higher League 2020"]
[Site "Sochi"]
[Date "2020.10.16"]
[Round "8.13"]
[White "Nasyrova, Ekaterina"]
[Black "Yakimova, Mariya"]
[Result "1-0"]
[ECO "E68"]
[WhiteElo "2171"]
[BlackElo "2269"]
[Annotator "ChessBase"]
[PlyCount "101"]
[EventDate "2020.10.08"]
[EventType "swiss"]
[EventCountry "RUS"]
[SourceTitle "playchess.com"]
[Source "ChessBase"]
[SourceQuality "1"]
[TimeControl "40/5400+30:1800+30"]

1. Nf3 d6 2. d4 Nf6 3. c4 g6 4. g3 Bg7 5. Bg2 O-O 6. O-O Nbd7 7. Nc3 e5 8. e4 a5 9. Re1 h6 10. b3 Ng4 11. Bb2 exd4 12. Nxd4 Nc5 13. h3 Ne5 14. Re3 a4 15. Rb1 axb3 16. axb3 c6 17. Nce2 Re8 18. Bc3 Qb6 19. Be1 Ned7 20. b4 Na4 21. f4 Qd8 22. Bf2 Ndb6 23. Qc2 c5 24. bxc5 Nxc5 25. Nb3 Nba4 26. Ned4 Nxb3 27. Nxb3 Qc7 28. Nd2 Nc5 29. Ree1 Ra3 30. Nb3 Na4 31. Nd4 Bd7 32. Nb5 Bxb5 33. Rxb5 Nc3 34. Rb3 Rea8 35. c5 Ra2 36. cxd6 Qc4 37. Rb2 Rxb2 38. Qxb2 Ra2 39. Qxb7 Bd4 40. d7 Bxf2+ 41. Kh1 Qd3 42. Qc8+ Kg7 43. d8=Q Qxd8 44. Qxd8 Bxe1 45. f5 Ra6 46. Qd4+ Kh7 47. Qc4 Ra7 48. f6 Rd7 49. Qc8 Rd1 50. Bf3 Rc1 51. Qf8 1-0

[Event "70th RUS-ch Women Higher League 2020"]
[Site "Sochi"]
[Date "2020.10.16"]
[Round "8.14"]
[White "Komissarova, Soigina"]
[Black "Lysenko, Margarita"]
[Result "0-1"]
[ECO "B35"]
[WhiteElo "1780"]
[BlackElo "2239"]
[Annotator "ChessBase"]
[PlyCount "88"]
[EventDate "2020.10.08"]
[EventType "swiss"]
[EventCountry "RUS"]
[SourceTitle "playchess.com"]
[Source "ChessBase"]
[SourceQuality "1"]
[TimeControl "40/5400+30:1800+30"]

1. e4 c5 2. Nf3 g6 3. d4 cxd4 4. Nxd4 Bg7 5. Nc3 Nc6 6. Be3 Nf6 7. Bc4 O-O 8. Bb3 d6 9. h3 Na5 10. O-O Bd7 11. Qd2 Nxb3 12. axb3 a6 13. Rfe1 Re8 14. Bh6 Bh8 15. Kh1 Rc8 16. Nd5 e6 17. Nc3 Rc5 18. Nf3 Bc6 19. Rad1 Rxc3 20. Qxc3 Nxe4 21. Qe3 Bxb2 22. Nd4 Qf6 23. Rf1 Bxd4 24. Qxd4 e5 25. Qe3 g5 26. Bxg5 Nxg5 27. f3 d5 28. Rde1 d4 29. Qd2 Ne6 30. Rf2 Nf4 31. Kh2 Qf5 32. Qa5 Kh8 33. Rd2 Nd5 34. Re4 Ne3 35. Rh4 Nf1+ 36. Kg1 Nxd2 37. Qxd2 Rg8 38. Kf2 Qg5 39. Qxg5 Rxg5 40. Rh6 Rg6 41. Rh5 f6 42. g4 Rg5 43. Rh4 a5 44. Kg3 b5 0-1

[Event "70th RUS-ch Women Higher League 2020"]
[Site "Sochi"]
[Date "2020.10.16"]
[Round "8.15"]
[White "Mironenko, Galina"]
[Black "Ovod, Evgenija"]
[Result "0-1"]
[ECO "C50"]
[WhiteElo "2061"]
[BlackElo "2372"]
[Annotator "ChessBase"]
[PlyCount "96"]
[EventDate "2020.10.08"]
[EventType "swiss"]
[EventCountry "RUS"]
[SourceTitle "playchess.com"]
[Source "ChessBase"]
[SourceQuality "1"]
[TimeControl "40/5400+30:1800+30"]

1. e4 e5 2. Nf3 Nc6 3. Bc4 Bc5 4. O-O Nf6 5. d3 d6 6. c3 a6 7. a4 Ba7 8. Na3 O-O 9. Re1 Ne7 10. Nc2 c6 11. Ba2 Ng6 12. d4 h6 13. b4 d5 14. exd5 e4 15. Ne5 cxd5 16. Nxg6 fxg6 17. Ne3 Be6 18. b5 axb5 19. axb5 Qd6 20. Bb3 Bb8 21. Rxa8 Qxh2+ 22. Kf1 Ng4 23. Nxg4 Qh1+ 24. Ke2 Bxg4+ 25. Kd2 Qxg2 26. Bxd5+ Kh7 27. Bxe4 Qxf2+ 28. Re2 Bf4+ 29. Kd3 Qg3+ 30. Re3 Bxe3 31. Bxe3 Bxd1 32. Rxf8 Bc2+ 33. Kxc2 Qxe3 34. Bd3 h5 35. Rf7 h4 36. Rxb7 Qf2+ 37. Kb3 Qf3 38. Bxg6+ Kxg6 39. Rb6+ Kh7 40. Rb8 h3 41. b6 h2 42. b7 Qf7+ 43. d5 Qc7 44. Rf8 Qxb7+ 45. Kc4 h1=Q 46. Rf5 Qe4+ 47. Kc5 Qc7+ 48. Kb5 Qec4# 0-1

[Event "70th RUS-ch Women Higher League 2020"]
[Site "Sochi"]
[Date "2020.10.16"]
[Round "8.16"]
[White "Mukhina, Jana"]
[Black "Gorovenko, Darya"]
[Result "1/2-1/2"]
[ECO "B06"]
[WhiteElo "2025"]
[BlackElo "2120"]
[Annotator "ChessBase"]
[PlyCount "62"]
[EventDate "2020.10.08"]
[EventType "swiss"]
[EventCountry "RUS"]
[SourceTitle "playchess.com"]
[Source "ChessBase"]
[SourceQuality "1"]
[TimeControl "40/5400+30:1800+30"]

1. d4 g6 2. e4 Bg7 3. Nc3 d6 4. Be3 c6 5. h3 b5 6. a3 a6 7. f4 Nd7 8. Nf3 Bb7 9. Qd2 Qc7 10. Be2 O-O-O 11. Ng5 Nh6 12. O-O Nf8 13. Nf3 f5 14. e5 dxe5 15. fxe5 Nf7 16. Qe1 Ne6 17. a4 f4 18. Bf2 Nfg5 19. d5 cxd5 20. Nxg5 Nxg5 21. axb5 d4 22. bxa6 Bxg2 23. Nb5 Qd7 24. Bxd4 Qxh3 25. Qa5 Qh1+ 26. Kf2 Qh4+ 27. Kxg2 Qh3+ 28. Kg1 Qg3+ 29. Kh1 Qh3+ 30. Kg1 Qg3+ 31. Kh1 Qh3+ 1/2-1/2